 Dungeon Sprint DCSS version 0.27-a0-522-g46bbb28828 (webtiles) character file.

Game seed: 2780497043679495788

10222 rocky1 the Earth Mage (level 11, 0/100 HPs)
             Began as an Octopode Earth Elementalist on Mar 5, 2021.
             Was a High Priest of Sif Muna.
             Slain by a death cob (1 damage)
             ... in the Dungeon (Sprint VII: "The Pits").
             The game lasted 00:17:53 (3496 turns).

rocky1 the Earth Mage (Octopode Earth Elementalist) Turns: 3496, Time: 00:17:54

Health: 0/100      AC: 26    Str: 13    XL:     11   Next: 58%
Magic:  7/25       EV: 17    Int: 20    God:    Sif Muna [*****.]
Gold:   0          SH:  0    Dex: 14    Spells: 7/31 levels left

rFire    . . .     SeeInvis .   (no weapon)
rCold    . . .     Faith    .   (no shield)
rNeg     + . .     Spirit   .   (helmet restricted)
rPois    ∞         Reflect  .   (no amulet)
rElec    +         Harm     .   h - +3 ring of strength
rCorr    .         Rampage  .   j - +3 ring of strength
Will     .....     NoTele   +   (no ring)
Stlth    +++.......             (no ring)
HPRegen  0.26/turn              (no ring)
MPRegen  0.19/turn              (no ring)
                                (no ring)
                                (no ring)

@: statue-form, slowed, very slow
A: almost no armour, amphibious, 8 rings, constrict 8, camouflage 1, nimble
swimmer 1
a: End Transformation, Renounce Religion, Channel Magic, Forget Spell, Divine
Exegesis


You were in the Dungeon.
You worshipped Sif Muna.
Sif Muna was extremely pleased with you.
You were a stone statue.
You visited 1 branch

Inventory:

Hand Weapons
 q - a +2 scimitar of holy wrath
 r - a +0 lajatang
 s - a +2 rapier of venom
Missiles
 b - 7 stones
 l - 8 poisoned darts
Jewellery
 h - a +3 ring of strength (left tentacle)
 j - a +3 ring of strength (right tentacle)
Wands
 k - a wand of polymorph (2)
Scrolls
 i - 5 scrolls of amnesia
Potions
 a - a potion of invisibility
 c - 5 potions of curing
 d - 3 potions of heal wounds
 e - a potion of haste
 g - 3 potions of berserk rage
 m - 2 potions of resistance
 o - 2 potions of might
 p - a potion of mutation


   Skills:
 + Level 8.0 Fighting
 + Level 8.3 Dodging
 - Level 2.6 Stealth
 + Level 10.9 Spellcasting
 + Level 8.3 Conjurations
 + Level 9.8 Transmutations
 + Level 8.2 Fire Magic
 + Level 15.9 Earth Magic
 + Level 8.0 Invocations


You had 7 spell levels left.
You knew the following spells:

 Your Spells              Type           Power        Failure   Level
a - Sandblast             Erth           100%         0%          1
b - Stone Arrow           Conj/Erth      100%         1%          3
c - Lee's Rapid Deconstr  Erth           33%          1%          5
d - Statue Form           Tmut/Erth      38%          4%          6
e - Petrify               Tmut/Erth      58%          1%          4
f - Fireball              Conj/Fire      22%          6%          5

Your spell library contained the following spells:

 Spells                   Type           Power        Failure   Level
 Foxfire                  Conj/Fire      100%         1%          1
 Passwall                 Tmut/Erth      48%          1%          2
 Bolt of Magma            Conj/Fire/Erth 26%          1%          5
 Leda's Liquefaction      Hex/Erth       21%          2%          4
 Inner Flame              Hex/Fire       27%          3%          3
 Static Discharge         Conj/Air       27%          3%          3
 Apportation              Tloc           20%          6%          1
 Borgnjor's Vile Clutch   Necr/Erth      21%          7%          5
 Iron Shot                Conj/Erth      28%          7%          6
 Corpse Rot               Necr/Air       N/A          10%         2
 Slow                     Hex            10%          10%         2
 Portal Projectile        Hex/Tloc       20%          19%         3
 Tukima's Dance           Hex            10%          19%         3
 Lightning Bolt           Conj/Air       13%          30%         5
 Starburst                Conj/Fire      22%          32%         6
 Dispel Undead            Necr           10%          54%         4
 Metabolic Englaciation   Hex/Ice        5%           87%         5
 Silence                  Hex/Air        5%           87%         5
 Simulacrum               Ice/Necr       5%           100%        6
 Borgnjor's Revivificati  Necr           5%           100%        8
 Necromutation            Tmut/Necr      15%          100%        8


Dungeon Overview and Level Annotations

Branches:
Dungeon (1/1)

Altars:
Ashenzari
Cheibriados
Dithmenos
Elyvilon
Fedhas
Gozag
Hepliaklqana
Kikubaaqudgha
Makhleb
Nemelex Xobeh
Okawaru
Qazlal
Ru
Sif Muna
Trog
Uskayaw
Vehumet
Wu Jian
Xom
Yredelemnul
Zin
The Shining One
Beogh
Jiyva
Lugonu


Innate Abilities, Weirdness & Mutations

You cannot wear most types of armour.
You are amphibious.
You can wear up to eight rings at the same time.
You can use your tentacles to constrict eight enemies at once.
Your skin changes colour to match your surroundings (Stealth+).
((Your rubbery body absorbs attacks. (AC +1, EV +1)))
You are stealthy while swimming. (Stealth+)


Message History

The elephant is heavily wounded.
The blast of metal fragments hits the death cob!!
The death cob is moderately damaged.
The blast of metal fragments hits the iron troll but does no damage.
The iron troll is lightly wounded.
The death cob hits you but does no damage. x2
The death cob closely misses you. x2
The balrug gestures at you.
The fireball explodes!
The fireball engulfs you but does no damage.
The fireball engulfs the death cob!!!
The death cob hits you but does no damage. x2
Your Fighting skill increases to level 8!
Your Invocations skill increases to level 8!
Unknown command.
Casting: Lee's Rapid Deconstruction (mildly dangerous; 1% risk of failure)
Confirm with . or Enter, or press ? or * to list all spells.
Aiming: Lee's Rapid Deconstruction (mildly dangerous; 1% risk of failure)
Press: ? - help, Dir - move target A metal wall.
The metal wall shatters!
The blast of metal fragments hits the spriggan defender!!
The spriggan defender is heavily wounded.
The blast of metal fragments hits the death cob!!
The death cob is almost destroyed.
The blast of metal fragments hits the elephant.
The elephant is heavily wounded.
The death cob hits you. The death cob drains your vigour!
You feel as though you will be slow longer.
The death cob hits you.
The death cob hits you but does no damage.
The balrug hits you with a +0 demon whip!
You are engulfed in flames!!
The death cob hits you but does no damage.
The balrug hits you with a +0 demon whip!
* * * LOW HITPOINT WARNING * * *
You are engulfed in flames!!
* * * LOW HITPOINT WARNING * * *
The death cob hits you.
You die...

#..#....#..#
+..........#
+..........#
#..#....#..#
#..........+
#..........+
###''####''#
###''####''#########
#.28...##...........
#Y#z##.##...........
#.#iT .##..#########
# 'YY# ##..# #)}+
#..# #++##########
+):# #..#
........##..# ##+#
#..# .#......##..#
#..# ........÷'..#
#..#


You could see a death cob, an iron troll, a balrug, 3 elephants and a spriggan
defender.

Vanquished Creatures
  Rupert (D)
  A boulder beetle (D)
  A merfolk avatar (D)
  An alligator snapping turtle (D)
  A deep elf knight (D)
  A spriggan druid (D)
  A sea snake (D)
  An unseen horror (D)
  A black mamba (D)
  A smoke demon (D)
  A rime drake (D)
  A hellwing (D)
  A red devil (D)
  2 guardian mummies (D)
  A troll (D)
  An ice devil (D)
  Grinder (D)
  A flying skull (D)
  A redback (D)
  A wyvern (D)
  A fire bat (D)
  Edmund (D)
  A warg (D)
  A water moccasin (D)
  Purgy (D)
  A sky beast (D)
  A phantom (D)
  4 wolves (D)
  A kobold brigand (D)
  A bullfrog (D)
  An iguana (D)
  A hell rat (D)
  An orc wizard (D)
  A gnoll (D)
  An adder (D)
  A river rat (D)
  An ufetubus (D)
  An ooze (D)
  3 orcs (D)
  A hobgoblin (D)
  2 jackals (D)
  2 quokkas (D)
  A ball python (D)
  A bat (D)
  3 kobolds (D)
55 creatures vanquished.

Notes
Turn   | Place    | Note
-------+----------+-------------------------------------------
     0 | D        | rocky1 the Octopode Earth Elementalist began the quest for
                  | the Orb.
     0 | D        | Reached XP level 1. HP: 11/11 MP: 3/3
    42 | D        | Found a bloodstained altar of Trog.
    42 | D        | Found a shimmering blue altar of Sif Muna.
    42 | D        | Found a viscous altar of Jiyva.
    42 | D        | Found a hazy altar of Hepliaklqana.
    42 | D        | Found an opulent altar of Gozag.
    43 | D        | Found a glowing golden altar of the Shining One.
    43 | D        | Found a glowing silver altar of Zin.
    43 | D        | Found a basalt altar of Yredelemnul.
    43 | D        | Found a shimmering altar of Xom.
    43 | D        | Found an ornate altar of the Wu Jian Council.
    43 | D        | Found a sacrificial altar of Ru.
    43 | D        | Found a stormy altar of Qazlal.
    43 | D        | Found an iron altar of Okawaru.
    43 | D        | Found a sparkling altar of Nemelex Xobeh.
    43 | D        | Found a burning altar of Makhleb.
    43 | D        | Found a blossoming altar of Fedhas.
    43 | D        | Found a white marble altar of Elyvilon.
    43 | D        | Found a shadowy altar of Dithmenos.
    43 | D        | Found a snail-covered altar of Cheibriados.
    46 | D        | Found a corrupted altar of Lugonu.
    46 | D        | Found a radiant altar of Vehumet.
    47 | D        | Found an ancient bone altar of Kikubaaqudgha.
    47 | D        | Found a hide-covered altar of Uskayaw.
    47 | D        | Found a broken altar of Ashenzari.
    48 | D        | Became a worshipper of Sif Muna the Loreminder
    67 | D        | Reached skill level 1 in Fighting
    68 | D        | Reached * piety under Sif Muna
    69 | D        | Reached skill level 4 in Earth Magic
    69 | D        | Reached XP level 2. HP: 10/19 MP: 1/5
   223 | D        | Reached skill level 5 in Earth Magic
   223 | D        | Reached XP level 3. HP: 12/25 MP: 1/6
   224 | D        | Reached ** piety under Sif Muna
   402 | D        | Reached *** piety under Sif Muna
   488 | D        | Noticed a water moccasin
   495 | D        | Killed a water moccasin
   496 | D        | Reached skill level 5 in Dodging
   496 | D        | Reached skill level 6 in Earth Magic
   496 | D        | Reached XP level 4. HP: 22/34 MP: 0/9
   496 | D        | Reached XP level 5. HP: 25/38 MP: 0/10
   606 | D        | Learned a level 3 spell: Stone Arrow
   612 | D        | Learned a level 5 spell: Lee's Rapid Deconstruction
   714 | D        | Noticed a fire bat
   718 | D        | Killed a fire bat
   719 | D        | Reached skill level 5 in Fighting
   719 | D        | Reached skill level 7 in Earth Magic
   719 | D        | Reached skill level 5 in Invocations
   719 | D        | Reached XP level 6. HP: 45/45 MP: 8/13
   759 | D        | Noticed Grinder
   762 | D        | Noticed Purgy
   769 | D        | Killed Grinder
   770 | D        | Reached skill level 5 in Spellcasting
   770 | D        | Reached skill level 8 in Earth Magic
   770 | D        | Reached XP level 7. HP: 30/53 MP: 9/15
   774 | D        | Reached **** piety under Sif Muna
   778 | D        | Killed Purgy
  1055 | D        | Noticed a hellwing
  1073 | D        | HP: 1/54 [hellwing (6)]
  1080 | D        | Killed a hellwing
  1081 | D        | Reached skill level 10 in Earth Magic
  1081 | D        | Reached XP level 8. HP: 17/60 MP: 1/17
  1402 | D        | Noticed Edmund
  1403 | D        | Reached ***** piety under Sif Muna
  1403 | D        | Identified Esulutal's Catalogue of Spatial Changing (Sif
                  | Muna gifted it to you in the Dungeon)
  1403 | D        | Received a gift from Sif Muna
  1404 | D        | Killed Edmund
  1405 | D        | Reached skill level 11 in Earth Magic
  1490 | D        | Noticed a flying skull
  1490 | D        | Noticed an ice devil
  1495 | D        | Killed a flying skull
  1496 | D        | Reached skill level 12 in Earth Magic
  1496 | D        | Killed an ice devil
  1497 | D        | Reached skill level 13 in Earth Magic
  1641 | D        | Learned a level 6 spell: Statue Form
  1688 | D        | Noticed a red devil
  1689 | D        | Identified Sif Muna's Handbook of the Arsonist (Sif Muna
                  | gifted it to you in the Dungeon)
  1689 | D        | Received a gift from Sif Muna
  1692 | D        | Killed a red devil
  1693 | D        | Reached XP level 9. HP: 64/64 MP: 7/19
  1808 | D        | Noticed a rime drake
  1810 | D        | Reached skill level 14 in Earth Magic
  1811 | D        | Killed a rime drake
  1812 | D        | Reached skill level 5 in Transmutations
  1949 | D        | Learned a level 4 spell: Petrify
  1955 | D        | Learned a level 5 spell: Fireball
  1956 | D        | Noticed a guardian mummy
  1961 | D        | Killed a guardian mummy
  1961 | D        | Identified Sif Muna's Incunabulum of Beguiling (Sif Muna
                  | gifted it to you in the Dungeon)
  1961 | D        | Received a gift from Sif Muna
  1962 | D        | Reached skill level 1 in Conjurations
  1962 | D        | Reached skill level 1 in Fire Magic
  2054 | D        | Noticed a smoke demon
  2056 | D        | Killed a smoke demon
  2109 | D        | Noticed a guardian mummy
  2114 | D        | Killed a guardian mummy
  2115 | D        | Reached XP level 10. HP: 56/71 MP: 11/22
  2187 | D        | Noticed a sea snake
  2191 | D        | Killed a sea snake
  2377 | D        | Noticed a death cob
  2415 | D        | Noticed a boulder beetle
  2416 | D        | Noticed a black mamba
  2422 | D        | Killed a black mamba
  2422 | D        | Identified Sif Muna's Reference Book on Flying Sinister
                  | Magic (Sif Muna gifted it to you in the Dungeon)
  2422 | D        | Received a gift from Sif Muna
  2444 | D        | Killed a boulder beetle
  2445 | D        | Reached skill level 5 in Conjurations
  2445 | D        | Reached skill level 5 in Fire Magic
  2445 | D        | Reached skill level 15 in Earth Magic
  2462 | D        | Killed an unseen horror
  2819 | D        | Noticed Rupert
  2824 | D        | Killed Rupert
  2825 | D        | Reached skill level 10 in Spellcasting
  2825 | D        | Reached XP level 11. HP: 75/75 MP: 14/25
  2999 | D        | Noticed an alligator snapping turtle
  3025 | D        | Killed an alligator snapping turtle
  3228 | D        | Noticed a spriggan druid
  3232 | D        | Killed a spriggan druid
  3232 | D        | Identified Sif Muna's Collected Works on Unholy Rites and
                  | Stones (Sif Muna gifted it to you in the Dungeon)
  3232 | D        | Received a gift from Sif Muna
  3405 | D        | Noticed a merfolk avatar
  3411 | D        | Killed a merfolk avatar
  3493 | D        | Noticed a deep elf knight
  3493 | D        | Noticed a death cob
  3493 | D        | Noticed an iron troll
  3493 | D        | Noticed a spriggan defender
  3493 | D        | Noticed a balrug
  3495 | D        | Killed a deep elf knight
  3496 | D        | HP: 1/100 [balrug/+0 demon whip (26)]
  3496 | D        | Slain by a death cob

Illustrated notes

Levels and vault maps discovered:
D:        pitsprint [storerooms_1, entrance_room_1, metal_vault_6, armoury_2,
          mini_pit_1, grid_room_1, main_hall_1, silver_pit, the_coven_3,
          the_vestibule_1, steel_vault_2, golden_pit, hallway_of_sentries,
          crystal_vault_1, iron_vault_2, final_vault]

Skill      XL: |  1  2  3  4  5  6  7  8  9 10 11 |
---------------+----------------------------------+-----
Fighting       | 2 4 5 6 7 8 |  8.0
Dodging        | 3 5 6 7 8 |  8.3
Earth Magic    | 4 5 6 7 8 10 13 14 15 | 15.9
Spellcasting   | 3 4 5 6 8 10 | 10.9
Invocations    | 3 5 6 7 8 |  8.0
Transmutations | 2 6 9 |  9.8
Conjurations   | 3 7 8 |  8.3
Fire Magic     | 3 7 8 |  8.2
Stealth        | |  2.6

Action                   |  1- 3 |  4- 6 |  7- 9 | 10-12 || total
-------------------------+-------+-------+-------+-------++-------
Melee: Unarmed           |    23 |       |     2 |       ||    25
       Tentacles         |     7 |       |     1 |       ||     8
       Constrict         |     6 |       |     1 |       ||     7
 Cast: Sandblast         |    13 |     6 |    13 |     2 ||    34
       Lee's Rapid Decon |       |       |    28 |    39 ||    67
       Stone Arrow       |       |       |       |     2 ||     2
       Petrify           |       |       |       |     4 ||     4
       Statue Form       |       |       |       |     2 ||     2
       Starburst         |       |       |       |     1 ||     1
Invok: Channel Magic     |       |       |     1 |     4 ||     5
       Divine Exegesis   |       |       |       |     1 ||     1
  Use: Potion            |     1 |       |     8 |    10 ||    19
       Scroll            |       |       |     2 |       ||     2
 Stab: Sleeping          |       |       |     1 |       ||     1
Armor: Skin              |     2 |       |     1 |    11 ||    14
Dodge: Dodged            |    25 |     3 |    22 |    14 ||    64

Table legend: (Time is in decaauts)
 A = Elapsed time spent in this place.
 B = Non-inter-level travel time spent in this place.
 C = Inter-level travel time spent in this place.
 D = Time resting spent in this place.
 E = Time spent auto-exploring this place.
 F = Levels seen in this place.
 G = Mean time per level.
                   A        B        C        D        E       F      G
               +--------+--------+--------+--------+--------+-----+--------+
         Total |   3528 |   3528 |      0 |   2608 |      0 |   1 | 3528.0 |
       Dungeon |   3528 |   3528 |      0 |   2608 |      0 |   1 | 3528.0 |
               +--------+--------+--------+--------+--------+-----+--------+

Top non-repeatable levels by time:
       D: 3528 daAuts
